 Dungeon Crawl Stone Soup version 0.20.0-15-g7f486f2 (webtiles) character file.

11475 polve the Arsonist (level 11, -3/57 HPs)
             Began as a Gargoyle Fire Elementalist on June 30, 2017.
             Was a Follower of Hepliaklqana.
             Killed from afar by Harold (21 damage)
             ... with a bolt of fire
             ... on level 1 of the Lair of Beasts.
             The game lasted 00:20:11 (11646 turns).

polve the Arsonist (Gargoyle Fire Elementalist)    Turns: 11646, Time: 00:20:12

Health: -3/57      AC: 15    Str: 11    XL:     11   Next: 78%
Magic:  4/17       EV: 14    Int: 19    God:    Hepliaklqana [*.....]
Gold:   682        SH:  0    Dex: 11    Spells: 2/18 levels left

rFire    . . .     SeeInvis .   a - +3 long sword (venom)
rCold    . . .     Gourm    +   (no shield)
rNeg     + . .     Faith    .   I - +2 robe
rPois    ∞         Spirit   .   s - +0 helmet
rElec    +         Reflect  .   (no cloak)
rCorr    .         Harm     .   u - +1 pair of gloves
MR       .....                  r - +0 pair of boots
Stlth    ++........             d - amulet of the gourmand
Regen    0.2/turn               l - ring of wizardry
MPRegen  0.2/turn               (no ring)

@: no status effects
A: reduced essence, negative energy resistance 1, electricity resistance,
unbreathing, petrification resistance, rot immunity, AC +7
a: Recall Ancestor, Ancestor Identity, Renounce Religion


You were on level 1 of the Lair of Beasts.
You worshipped Hepliaklqana.
Hepliaklqana was aware of your devotion.
You were full.

You visited 3 branches of the dungeon, and saw 11 of its levels.

You collected 682 gold pieces.

Inventory:

Hand Weapons
 a - a +3 long sword of venom (weapon)
 b - a +1 halberd of flaming
 K - a +5 quick blade
Armour
 r - a +0 pair of boots (worn)
 s - a +0 helmet (worn)
 u - a +1 pair of gloves (worn)
 I - a +2 robe (worn)
Jewellery
 d - an amulet of the gourmand (around neck)
 l - a ring of wizardry (left hand)
 D - an uncursed amulet of regeneration
Wands
 G - a wand of digging (12/24)
 L - a wand of digging (9/24)
Scrolls
 e - 3 scrolls of teleportation {unknown}
 g - 3 scrolls of enchant weapon
 h - 3 scrolls of random uselessness
 i - 6 scrolls of remove curse
 j - a scroll of noise {unknown}
 k - 2 scrolls of magic mapping {unknown}
 m - a scroll of fog {unknown}
 n - a scroll of recharging {unknown}
 q - 3 scrolls of identify
 v - 2 scrolls of blinking
 w - a scroll of immolation {unknown}
 y - a scroll of amnesia {unknown}
 A - 4 scrolls of enchant armour {unknown}
Potions
 o - 2 potions of curing {unknown}
 p - 2 potions of agility
 x - 2 potions of berserk rage {unknown}
 z - 2 potions of flight {unknown}
 E - a potion of degeneration {unknown}
 F - a potion of resistance {unknown}
 H - 2 potions of mutation {unknown}
Comestibles
 c - 7 bread rations
 f - 8 meat rations
 t - 17 fruits
 B - 7 royal jellies


   Skills:
 - Level 6.0 Fighting
 - Level 6.0 Dodging
 - Level 2.1 Stealth
 - Level 4.2 Spellcasting
 - Level 10.0 Conjurations
 - Level 12.0 Fire Magic
 + Level 3.4 Invocations
 + Level 2.7 Evocations


You had 2 spell levels left.
You knew the following spells:

 Your Spells              Type           Power        Failure   Level  Hunger
a - Flame Tongue          Conj/Fire      #####        1%          1    None
b - Sticky Flame          Conj/Fire      #####...     1%          4    ####...
c - Conjure Flame         Conj/Fire      #####...     1%          3    ###....
d - Fireball              Conj/Fire      #####.....   1%          5    ######.
e - Inner Flame           Hex/Fire       ####....     1%          3    ###....


Dungeon Overview and Level Annotations

Branches:
Dungeon (9/15)             Temple (1/1) D:7            Lair (1/6) D:8
    Orc: D:9-12

Altars:
Ashenzari
Cheibriados
Dithmenos
Elyvilon
Fedhas
Gozag
Hepliaklqana
Kikubaaqudgha
Makhleb
Nemelex Xobeh
Okawaru
Qazlal
Ru
Sif Muna
Trog
Uskayaw
Vehumet
Xom
Yredelemnul
Zin
The Shining One

Shops:
D:4 [   D:6 }

Annotations:
Lair:1 Harold


Innate Abilities, Weirdness & Mutations

You are resistant to torment.
Your stone body is resilient. (AC +7)
You are immune to poison.
You resist negative energy. (rN+)
You are resistant to electric shocks. (rElec)
You can survive without breathing.
You are immune to petrification.
You are immune to rotting.
Your life essence is reduced. (-10% HP)


Message History

The crocodile is severely wounded.
The crocodile barely misses you. The crocodile misses you.
You riposte.
You hit the crocodile.
The crocodile looks as sick as possible!
The crocodile is almost dead.
You hit the crocodile but do no damage.
The crocodile is almost dead.
You kill the crocodile!
A yak comes into view.
You hit Harold.
Harold is poisoned.
Harold is severely wounded.
Harold hits you with a war axe.
* * * LOW HITPOINT WARNING * * *
You hit Harold.
Harold looks even sicker.
Harold is severely wounded.
Harold hits you with a war axe!
* * * LOW HITPOINT WARNING * * *
Harold points at you and mumbles some strange words.
The bolt of fire hits you!
You die...

##..# ##...#
#P..!# #..#.#
#..P.# #....#
#....# #...)##
#@##..# #@##.###
####(...#.#...
###..............
#.....Y..........
...#..............
.# #....#....###..
#................
.
#.#.#.........##.


You could see Harold and a yak.

Vanquished Creatures
  2 hydras
  A centaur warrior (D:8)
  2 two-headed ogres
  A flayed ghost (D:8)
  Pikel (D:6)
  Grinder (D:5)
  2 hippogriffs (D:8)
  A slime creature (D:8)
  A dream sheep (D:8)
  Sigmund (D:6)
  7 yaks (D:8)
  2 vampire mosquitoes
  Menkaure (D:5)
  2 hungry ghosts (D:8)
  3 orc warriors (D:8)
  A slave (D:6)
  2 ice beasts
  4 phantoms
  A black bear (D:8)
  A sky beast (D:6)
  2 ogres
  A centaur (D:5)
  A crocodile (Lair:1)
  5 big kobolds
  A wyvern zombie (D:7)
  4 bullfrogs
  3 scorpions
  4 wights (D:7)
  A howler monkey (D:5)
  A crimson imp (D:6)
  A centaur zombie (D:8)
  A jelly (D:6)
  3 hounds
  2 orc priests
  Jessica (D:3)
  An iguana (D:5)
  Terence (D:2)
  An ancestor (D:8)
  4 orc wizards
  3 worker ants
  A killer bee zombie (D:7)
  Robin (D:2)
  A worker ant zombie (D:7)
  6 adders
  A shadow imp (D:5)
  3 oozes
  4 worms
  5 dart slugs
  4 leopard geckos
  28 orcs
  A ball python (D:7)
  4 bats (D:1)
  6 giant cockroaches
  22 goblins
  10 hobgoblins
  15 jackals
  A quokka (D:4)
  6 frilled lizards
  18 kobolds
  3 rats
218 creatures vanquished.

Vanquished Creatures (collateral kills)
  A two-headed ogre (D:8)
  A dream sheep (D:8)
  A shadow (D:9)
  An orc warrior (D:8)
  An eye of draining (D:8)
  A phantom (D:7)
  An ogre (D:8)
  A bullfrog (D:9)
  A crimson imp (D:8)
  2 orc wizards (D:8)
  A worker ant (D:7)
  A hound skeleton (D:7)
  A worker ant zombie (D:8)
  An adder (D:8)
  A shadow imp (D:8)
  A leopard gecko (D:8)
  An orc (D:8)
  A kobold (D:8)
19 creatures vanquished.

Vanquished Creatures (others)
  5 ancestors
  A worker ant (D:6)
  An orc (D:6)
  A kobold (D:6)
8 creatures vanquished.

Grand Total: 245 creatures vanquished

Notes
Turn   | Place    | Note
-------+----------+-------------------------------------------
     0 | D:1      | polve the Gargoyle Fire Elementalist began the quest for the Orb.
     0 | D:1      | Reached XP level 1. HP: 10/10 MP: 3/3
   121 | D:1      | Found a glowing golden altar of the Shining One.
   245 | D:1      | Reached XP level 2. HP: 10/15 MP: 0/5
  1107 | D:1      | Reached XP level 3. HP: 19/19 MP: 4/6
  1894 | D:2      | Found a faded altar of an unknown god.
  1982 | D:2      | Noticed Robin
  1985 | D:2      | Killed Robin
  1985 | D:2      | Reached skill level 4 in Fire Magic
  1985 | D:2      | Reached XP level 4. HP: 24/24 MP: 1/7
  3044 | D:3      | Reached XP level 5. HP: 28/28 MP: 0/8
  3210 | D:3      | Noticed Terence
  3229 | D:2      | Reached skill level 1 in Fighting
  3473 | D:2      | Killed Terence
  3624 | D:3      | Noticed Jessica
  3628 | D:3      | Killed Jessica
  3628 | D:3      | Reached skill level 5 in Fire Magic
  3634 | D:3      | Learned a level 4 spell: Sticky Flame
  3644 | D:3      | Learned a level 3 spell: Conjure Flame
  3978 | D:3      | Reached XP level 6. HP: 25/35 MP: 7/9
  4543 | D:4      | Found Catsouttouxt's Antique Armour Emporium.
  4667 | D:4      | Reached XP level 7. HP: 39/40 MP: 10/10
  4714 | D:4      | Found a sparkling altar of Nemelex Xobeh.
  4885 | D:4      | Reached skill level 6 in Fire Magic
  5123 | D:5      | Entered Level 5 of the Dungeon
  5156 | D:5      | Found a stormy altar of Qazlal.
  5176 | D:5      | Noticed Grinder
  5185 | D:5      | Killed Grinder
  5225 | D:5      | Reached skill level 5 in Conjurations
  5240 | D:5      | Noticed Menkaure
  5244 | D:5      | Killed Menkaure
  5244 | D:5      | Reached skill level 7 in Fire Magic
  5244 | D:5      | Reached XP level 8. HP: 39/48 MP: 8/11
  5634 | D:5      | Found a radiant altar of Vehumet.
  5634 | D:5      | Found a faded altar of an unknown god.
  5640 | D:5      | Found a deep blue altar of Sif Muna.
  5653 | D:5      | Found a basalt altar of Yredelemnul.
  5683 | D:5      | Found a faded altar of an unknown god.
  5961 | D:5      | Reached skill level 8 in Fire Magic
  6350 | D:6      | Found Syumeghu's Gadget Shop.
  6360 | D:6      | Noticed Pikel
  6361 | D:6      | Reached skill level 5 in Fighting
  6381 | D:6      | Killed Pikel
  6381 | D:6      | Reached XP level 9. HP: 51/55 MP: 10/12
  6644 | D:6      | Reached skill level 9 in Fire Magic
  7336 | D:6      | Noticed Sigmund
  7344 | D:6      | Killed Sigmund
  7411 | D:6      | Learned a level 5 spell: Fireball
  7501 | D:7      | Found a staircase to the Ecumenical Temple.
  7548 | Temple   | Entered the Ecumenical Temple
  7735 | Temple   | Became a worshipper of Hepliaklqana the Forgotten
  8000 | D:7      | Noticed a two-headed ogre
  8009 | D:7      | Killed a two-headed ogre
  8009 | D:7      | Reached skill level 10 in Fire Magic
  8009 | D:7      | Reached XP level 10. HP: 26/54 MP: 7/15
  8881 | D:8      | Noticed a two-headed ogre
  8886 | D:8      | Killed a two-headed ogre
  8946 | D:8      | Reached * piety under Hepliaklqana
  9082 | D:8      | Reached skill level 11 in Fire Magic
  9145 | D:8      | Noticed a two-headed ogre
  9152 | D:8      | Killed a two-headed ogre
  9426 | D:8      | Found a staircase to the Lair.
  9502 | D:8      | Reached XP level 11. HP: 41/57 MP: 15/17
 10389 | D:8      | Reached skill level 12 in Fire Magic
 10391 | D:8      | Reached skill level 5 in Dodging
 10627 | D:8      | Noticed a three-headed hydra
 10633 | D:8      | Killed a four-headed hydra
 10749 | D:8      | Noticed a flayed ghost
 10755 | D:8      | Noticed a centaur warrior
 10798 | D:8      | Killed a flayed ghost
 10798 | D:8      | Reached skill level 10 in Conjurations
 10811 | D:8      | Killed a centaur warrior
 10811 | D:8      | Reached skill level 1 in Invocations
 10811 | D:8      | Reached skill level 1 in Evocations
 10976 | D:8      | Learned a level 3 spell: Inner Flame
 11292 | Lair:1   | Entered Level 1 of the Lair of Beasts
 11292 | Lair:1   | Noticed Harold
 11627 | Lair:1   | Noticed an eight-headed hydra
 11635 | Lair:1   | Killed an eight-headed hydra
 11646 | Lair:1   | Killed from afar by Harold

Skill      XL: |  1  2  3  4  5  6  7  8  9 10 11 |
---------------+----------------------------------+-----
Conjurations   | 2 3 4 5 6 7 8 10 | 10.0
Fire Magic     | 4 5 7 8 10 11 12 | 12.0
Fighting       | 1 2 3 5 6 |  6.0
Dodging        | 2 4 6 |  6.0
Spellcasting   | 3 4 |  4.2
Invocations    | 3 |  3.4
Evocations     | 2 |  2.7
Stealth        | |  2.1

Action                   |  1- 3 |  4- 6 |  7- 9 | 10-12 || total
-------------------------+-------+-------+-------+-------++-------
Melee: Unarmed           |    89 |    27 |       |       ||   116
       Dagger            |       |    56 |       |       ||    56
       Long sword        |       |    44 |   131 |   200 ||   375
       Quick blade       |       |       |       |    13 ||    13
 Cast: Flame Tongue      |    48 |    57 |   103 |    99 ||   307
       Fireball          |       |       |       |     6 ||     6
       Conjure Flame     |       |       |       |     3 ||     3
       Sticky Flame      |       |       |       |     2 ||     2
Evoke: Wand              |       |       |       |     1 ||     1
  Use: Potion            |       |     2 |       |     3 ||     5
       Scroll            |       |     1 |       |     3 ||     4
 Stab: Sleeping          |     2 |     2 |     4 |     1 ||     9
  Eat: Chunk             |    14 |    10 |     3 |    22 ||    49
       Fruit             |       |       |       |     1 ||     1
Armor: Robe              |    35 |    55 |   113 |   170 ||   373
Dodge: Dodged            |    63 |   110 |   120 |   234 ||   527
       Rpst.: Long sword |       |    15 |    33 |    62 ||   110
